 Dungeon Crawl Stone Soup version 0.24.0-123-gd5b16e6ec5 (webtiles) character file.

Game seed: 12469629034017989568, levelgen mode: deterministic

178 wolfbird the Skirmisher (level 5, -6/41 (46) HPs)
             Began as a Draconian Berserker on Dec 17, 2019.
             Was a Believer of Ashenzari.
             Mangled by a polar bear (12 damage)
             ... created by the rage of Trog
             ... on level 3 of the Dungeon.
             The game lasted 01:05:36 (2917 turns).

wolfbird the Skirmisher (Draconian Berserker)       Turns: 2917, Time: 01:05:36

HP:   -6/41 (46)    AC: 14    Str: 20    XL:     5   Next: 32%
MP:   5/5           EV: 13    Int:  7    God:    Ashenzari [**....]
Gold: 174           SH:  0    Dex: 11    Spells: 4/4 levels left

rFire    . . .     SeeInvis .   I - +2 short sword (protect)
rCold    . . .     Gourm    .   (no shield)
rNeg     + . .     Faith    .   (armour unavailable)
rPois    .         Spirit   .   (helmet restricted)
rElec    .         Reflect  .   F - scarf {cloud immunity}
rCorr    +         Harm     .   (no gloves)
MR       .....                  M - +1 pair of boots
Stlth    +.........             (no amulet)
HPRegen  0.13/turn              C - ring of resist corrosion
MPRegen  0.09/turn              L - ring of positive energy

@: protection aura
A: unfitting armour, cold-blooded, AC +5
a: Curse Item, Scrying, Renounce Religion


You were on level 3 of the Dungeon.
You worshipped Ashenzari.
Ashenzari was pleased with you.
You were hungry.

You visited 1 branch of the dungeon, and saw 3 of its levels.

You collected 174 gold pieces.

Inventory:

Hand Weapons
 a - a +0 falchion
 j - a +0 short sword
 n - a +0 spear
 p - a +0 dagger
 s - a +0 short sword
 v - a +0 short sword
 z - a +0 whip
 D - a +0 short sword
 G - a +0 hunting sling
 I - a +2 short sword of protection (weapon)
 N - a +0 hand axe
 V - a +0 short sword
 W - a +0 hand axe
 X - a +0 hand axe
Missiles
 e - 114 stones
 g - 2 atropa-tipped darts
 o - 14 poisoned darts
 r - 21 bolts
 H - 31 sling bullets
 S - 3 boomerangs (quivered)
Armour
 d - a +0 robe
 h - a +0 plate armour
 i - a cursed +0 ring mail
 k - a +0 ring mail
 q - a +0 robe
 w - a +0 robe
 F - a scarf of cloud immunity (worn)
 J - a +0 leather armour
 M - a +1 pair of boots (worn)
 O - a +0 chain mail
 P - a +0 chain mail
 U - a +0 leather armour
 Y - a +0 leather armour
 Z - a +0 leather armour
Jewellery
 C - a ring of resist corrosion (left hand)
 L - a ring of positive energy (right hand)
Wands
 T - a wand of flame (7)
Scrolls
 c - 4 scrolls of identify {unknown}
 l - a scroll of blinking {unknown}
 t - a scroll of magic mapping {unknown}
 y - a scroll of immolation {unknown}
 A - a scroll of remove curse
 Q - a scroll of fear {unknown}
 R - a scroll of enchant weapon {unknown}
Potions
 f - a potion of lignification {unknown}
 m - a potion of berserk rage {unknown}
 u - a potion of flight {unknown}
 x - a potion of might {unknown}
 E - 2 potions of curing {unknown}
 K - 2 potions of mutation {unknown}
Comestibles
 b - 5 rations


   Skills:
 + Level 4.1 Fighting
 + Level 2.0(3.0) Short Blades
 + Level 3.3(3.6) Long Blades
 + Level 2.1 Throwing
 + Level 3.6 Dodging
 + Level 0.3 Stealth


You had 4 spell levels left.
You didn't know any spells.
Your spell library was empty.

Dungeon Overview and Level Annotations

Branches:
Dungeon (3/15)

Altars:
Ashenzari
Okawaru
Xom
Zin


Innate Abilities, Weirdness & Mutations

Your plain brown scales are hard. (AC +5)
You cannot fit into any form of body armour.
You are cold-blooded and may be slowed by cold attacks.


Message History

The polar bear is heavily wounded.
The polar bear bites you! The polar bear closely misses you.
The polar bear claws you but does no damage.
You hit the polar bear but do no damage.
The polar bear is heavily wounded.
The polar bear bites you!
* * * LOW HITPOINT WARNING * * *
The polar bear barely misses you.
The polar bear claws you but does no damage.
You hit the polar bear.
The polar bear is heavily wounded.
The polar bear bites you but does no damage.
The polar bear claws you but does no damage. x2
You hit the polar bear but do no damage.
The polar bear is heavily wounded.
The polar bear barely misses you. x2; The polar bear misses you.
You puncture the polar bear!
The polar bear is heavily wounded.
The polar bear bites you!
You die...

* #.# #.#.#.####... #.# #
#.##.# ##.. * * #.# #.
#.##.# ##. #.# #.##.##.#
#. * #.# #.#.#.## #.
#.######...## #'
#.........## ##..
##.#####.#######... #@#
#......#.... ..######h#
#..###...... ...(.([..#
#...........
...#####.#####..###......
#.)......# #.#....
#####.##.###.##...
#.........###..
#.........# ##'
#.###.##.## #..


You could see a polar bear.

Vanquished Creatures
  2 orc wizards (D:3)
  5 adders
  An ooze (D:3)
  A leopard gecko (D:2)
  10 orcs (D:3)
  A ball python (D:2)
  5 bats
  A giant cockroach (D:2)
  6 goblins
  3 hobgoblins
  3 jackals (D:2)
  9 kobolds
  8 frilled lizards
  14 rats
69 creatures vanquished.

Notes
Turn   | Place    | Note
-------+----------+-------------------------------------------
     0 | D:1      | wolfbird the Draconian Berserker began the quest for the
                  | Orb.
     0 | D:1      | Reached XP level 1. HP: 19/19 MP: 1/1
    17 | D:1      | Noticed an electric eel
   205 | D:1      | Reached XP level 2. HP: 22/26 MP: 2/2
  1166 | D:2      | Reached ** piety under Trog
  1273 | D:2      | Reached XP level 3. HP: 33/33 MP: 3/3
  1387 | D:2      | Found a shimmering altar of Xom.
  1389 | D:2      | Found a sparkling altar of Nemelex Xobeh.
  1389 | D:2      | Found an iron altar of Okawaru.
  1395 | D:2      | Found an iron altar of Okawaru.
  1395 | D:2      | Found a shimmering altar of Xom.
  1395 | D:2      | Found a stormy altar of Qazlal.
  1492 | D:2      | Found a faded altar of an unknown god.
  1527 | D:2      | Fell from the grace of Trog
  1527 | D:2      | Became a worshipper of Ashenzari the Shackled
  1527 | D:2      | Reached * piety under Ashenzari
  1569 | D:2      | Reached skill level 1 in Throwing
  1957 | D:3      | Reached skill level 4 in Fighting
  1965 | D:3      | Reached XP level 4. HP: 32/35 MP: 4/4
  2148 | D:3      | Reached skill level 1 in Short Blades
  2176 | D:3      | Found an iron altar of Okawaru.
  2373 | D:3      | Found a glowing silver altar of Zin.
  2510 | D:3      | Reached XP level 5. HP: 36/41 MP: 5/5
  2527 | D:3      | Noticed a black bear
  2527 | D:3      | Noticed a black bear
  2527 | D:3      | Noticed a black bear
  2527 | D:3      | Noticed a black bear
  2527 | D:3      | Noticed a polar bear
  2677 | D:3      | Reached ** piety under Ashenzari
  2917 | D:3      | Mangled by a polar bear

Levels and vault maps discovered:
D:1:      arrival_aquarium_a, layout_loops_corners
D:2:      layout_rooms, doesnt_xom_only_xom,
          chequers_ecumenical_altar_simple_redux, roderic_st_hans_cross
D:3:      layout_loops_corners, nicolae_overflow_hidden_temple, okawaru_trees_2,
          minitemple, uniq_crazy_yiuf_cottage

Skill      XL: |  1  2  3  4  5 |
---------------+----------------+-----
Dodging        | 3 |  3.6
Throwing       | 1 2 |  2.1
Fighting       | 4 |  4.1
Short Blades   | 1 2 |  2.0
Long Blades    | |  3.3
Stealth        | |  0.3

Action                   |  1- 3 |  4- 6 || total
-------------------------+-------+-------++-------
Melee: Falchion          |    26 |       ||    26
       Tailslap          |    16 |     8 ||    24
       Short sword       |    98 |    83 ||   181
       Dagger            |     6 |       ||     6
Throw: Stone             |    77 |    28 ||   105
       Boomerang         |       |     4 ||     4
  Use: Scroll            |       |     1 ||     1
  Eat: Chunk             |     3 |     3 ||     6
Armor: Skin              |    39 |    24 ||    63
Dodge: Dodged            |    91 |    43 ||   134
       Rpst.: Falchion   |     6 |       ||     6
